TOP OF THE 1ST |
Asheville Highlanders batting - Pitching for Durham Rapiers : RHP Christian Harris
|
Pitching: RHP Christian Harris
|
|
Batting: RHB Víctor López
|
0-0: Ball 1-0: Ball 2-0: Foul Ball, location: 2F 2-1: Foul Ball, location: 2F 2-2: Fly out, F7 (Flyball, 78D)
|
Batting: LHB Víctor Robledo
|
0-0: Called Strike 0-1: Ball 1-1: Ball 2-1: Ball 3-1: SOLO HOME RUN (Flyball, 9D), Distance : 367 ft
|
Batting: RHB Bryce Bancroft
|
0-0: Ball 1-0: Called Strike 1-1: Ground out 5-3 (Groundball, 56)
|
Batting: RHB Claudio Torres
|
0-0: Ball 1-0: Called Strike 1-1: Foul Ball, location: 2F 1-2: Ground out 6-3 (Groundball, 6)
|
Top of the 1st over - 1 run(s), 1 hit(s), 0 error(s), 0 left on base; Asheville 1 - Durham 0 |
BOTTOM OF THE 1ST |
Durham Rapiers batting - Pitching for Asheville Highlanders : RHP Juan Lara
|
Pitching: RHP Juan Lara
|
|
Batting: RHB António Díaz
|
0-0: Called Strike 0-1: Foul Ball, location: 2F 0-2: Ball 1-2: Foul Ball, location: 2F 1-2: Ground out 4-3 (Groundball, 34)
|
Batting: RHB Luis Martínez
|
0-0: SINGLE (Popup, 3D)
|
Batting: LHB Adrián Franco
|
0-0: Foul Ball, location: 2F 0-1: Foul Ball, location: 2F 0-2: Strikes out looking
|
Batting: RHB Vincent Klein
|
0-0: Called Strike 0-1: Swinging Strike 0-2: Ball Luis Martínez is caught stealing 2nd base
|
Bottom of the 1st over - 0 run(s), 1 hit(s), 0 error(s), 0 left on base; Asheville 1 - Durham 0 |
TOP OF THE 2ND |
Asheville Highlanders batting - Pitching for Durham Rapiers : RHP Christian Harris
|
Batting: RHB Corey Vaughn
|
0-0: Ball 1-0: Foul Ball, location: 2F 1-1: Swinging Strike 1-2: Strikes out swinging
|
Batting: LHB António Ramos
|
0-0: Ball 1-0: Ball 2-0: Ball 3-0: Called Strike 3-1: Base on Balls
|
Batting: SHB Craig Barnes
|
0-0: Ball 1-0: Fly out, F9 (Flyball, 9LM)
|
Batting: RHB Paco Vásquez
|
0-0: Ball 1-0: Ball 2-0: Swinging Strike 2-1: Foul Ball, location: 2F 2-2: Ball 3-2: Foul Ball, location: 2F 3-2: Base on Balls António Ramos to second
|
Batting: RHB José Rivera
|
0-0: Called Strike 0-1: Fielders Choice at 2nd, U6 (Groundball, 6M)
|
Top of the 2nd over - 0 run(s), 0 hit(s), 0 error(s), 2 left on base; Asheville 1 - Durham 0 |
BOTTOM OF THE 2ND |
Durham Rapiers batting - Pitching for Asheville Highlanders : RHP Juan Lara
|
Batting: RHB Vincent Klein
|
0-0: Ball 1-0: Ball 2-0: Foul Ball, location: 2F 2-1: Swinging Strike 2-2: Ball 3-2: Strikes out swinging
|
Batting: RHB Blair Sweeny
|
0-0: Swinging Strike 0-1: Swinging Strike 0-2: Ball 1-2: Strikes out swinging
|
Batting: RHB Esteban Garza
|
0-0: Ball 1-0: Ball 2-0: Foul Ball, location: 2F 2-1: Foul Ball, location: 2F 2-2: Fly out, F6 (Popup, 6M)
|
Bottom of the 2nd over - 0 run(s), 0 hit(s), 0 error(s), 0 left on base; Asheville 1 - Durham 0 |
TOP OF THE 3RD |
Asheville Highlanders batting - Pitching for Durham Rapiers : RHP Christian Harris
|
Batting: RHB Víctor López
|
0-0: Called Strike 0-1: Ball 1-1: SINGLE (Groundball, 15) (infield hit)
|
Batting: LHB Víctor Robledo
|
0-0: Ball 1-0: Ball 2-0: Ball 3-0: Called Strike 3-1: Swinging Strike 3-2: Foul Ball, location: 2F 3-2: SINGLE (Groundball, 34D) Víctor López to second Runner from 2nd tries for 3rd, SAFE, no throw or cutoff
|
Batting: RHB Bryce Bancroft
|
0-0: Called Strike 0-1: Fly out, F9 (Flyball, 89S)
|
Batting: RHB Claudio Torres
|
0-0: Ball Víctor Robledo steals 2nd base 1-0: Called Strike 1-1: Ball 2-1: Called Strike 2-2: Ball 3-2: SINGLE (Line Drive, 6M) Víctor López scores Víctor Robledo to third
|
Batting: RHB Corey Vaughn
|
0-0: Called Strike 0-1: Called Strike 0-2: Ball 1-2: Strikes out swinging
|
Batting: LHB António Ramos
|
0-0: Ball 1-0: Ball 2-0: Swinging Strike 2-1: Swinging Strike 2-2: Foul Ball, location: 2F 2-2: Ball 3-2: Foul Ball, location: 2F 3-2: Base on Balls Claudio Torres to second
|
Batting: SHB Craig Barnes
|
0-0: Ball 1-0: Ball 2-0: Ball 3-0: Base on Balls Víctor Robledo scores Claudio Torres to third António Ramos to second
|
Batting: RHB Paco Vásquez
|
0-0: Hit by Pitch Claudio Torres scores António Ramos to third Craig Barnes to second
|
Batting: RHB José Rivera
|
0-0: Called Strike 0-1: Ball 1-1: Foul Ball, location: 2F 1-2: Foul Ball, location: 2F 1-2: Ball 2-2: Fly out, F7 (Flyball, 7LM)
|
Top of the 3rd over - 3 run(s), 3 hit(s), 0 error(s), 3 left on base; Asheville 4 - Durham 0 |
BOTTOM OF THE 3RD |
Durham Rapiers batting - Pitching for Asheville Highlanders : RHP Juan Lara
|
Batting: RHB Víctor Hernández
|
0-0: Called Strike 0-1: Called Strike 0-2: Strikes out swinging
|
Batting: RHB Jorge López
|
0-0: Ball 1-0: Ground out 5-3 (Groundball, 5S)
|
Batting: RHB Bill Allen
|
0-0: Called Strike 0-1: SINGLE (Groundball, 6MD)
|
Batting: RHB António Díaz
|
0-0: Swinging Strike 0-1: Swinging Strike 0-2: Ball 1-2: Ball 2-2: SINGLE (Line Drive, 4MD) Bill Allen to second
|
Batting: RHB Luis Martínez
|
0-0: Called Strike 0-1: Ball 1-1: SINGLE (Groundball, 56D) Bill Allen to third António Díaz to second Runner from 3rd tries for Home, SAFE, throw made home António Díaz to third Luis Martínez to second
|
Batting: LHB Adrián Franco
|
0-0: Swinging Strike 0-1: Ball 1-1: Ball 2-1: SINGLE (Groundball, 4MD) António Díaz scores Luis Martínez to third Runner from 3rd tries for Home, SAFE, no throw or cutoff
|
Batting: RHB Vincent Klein
|
0-0: SINGLE (Groundball, 56D) Adrián Franco to second
|
Batting: RHB Blair Sweeny
|
0-0: Ball 1-0: Ball 2-0: Ball 3-0: Called Strike 3-1: Base on Balls Adrián Franco to third Vincent Klein to second
|
Batting: RHB Esteban Garza
|
0-0: Ball 1-0: Swinging Strike 1-1: Foul Ball, location: 2F 1-2: Ball 2-2: Strikes out swinging
|
Bottom of the 3rd over - 3 run(s), 5 hit(s), 0 error(s), 3 left on base; Asheville 4 - Durham 3 |
TOP OF THE 4TH |
Asheville Highlanders batting - Pitching for Durham Rapiers : RHP Christian Harris
|
Batting: RHB Víctor López
|
0-0: Foul Ball, location: 2F 0-1: Ball 1-1: Foul Ball, location: 2F 1-2: Ball 2-2: Foul Ball, location: 2F 2-2: Ball 3-2: Ground out 4-3 (Groundball, 4)
|
Batting: LHB Víctor Robledo
|
0-0: Ground out 4-3 (Groundball, 34)
|
Batting: RHB Bryce Bancroft
|
0-0: Foul Ball, location: 2F 0-1: Ball 1-1: Ball 2-1: Ball 3-1: Foul Ball, location: 2F 3-2: Foul Ball, location: 2F 3-2: Foul Ball, location: 2F 3-2: Base on Balls
|
Batting: RHB Claudio Torres
|
0-0: Called Strike 0-1: Ball 1-1: Called Strike 1-2: Foul Ball, location: 2F 1-2: Strikes out swinging
|
Top of the 4th over - 0 run(s), 0 hit(s), 0 error(s), 1 left on base; Asheville 4 - Durham 3 |
BOTTOM OF THE 4TH |
Durham Rapiers batting - Pitching for Asheville Highlanders : RHP Juan Lara
|
Batting: RHB Víctor Hernández
|
0-0: Ball 1-0: Fly out, F9 (Flyball, 9M)
|
Batting: RHB Jorge López
|
0-0: Ball 1-0: Called Strike 1-1: Ball 2-1: Ball 3-1: Base on Balls
|
Batting: RHB Bill Allen
|
0-0: Called Strike 0-1: Ground out 4-3 (Groundball, 4M) Jorge López to second
|
Batting: RHB António Díaz
|
0-0: Ball 1-0: Ball 2-0: Swinging Strike 2-1: Called Strike 2-2: Ball 3-2: Foul Ball, location: 2F 3-2: Fly out, F6 (Line Drive, 6)
|
Bottom of the 4th over - 0 run(s), 0 hit(s), 0 error(s), 1 left on base; Asheville 4 - Durham 3 |
TOP OF THE 5TH |
Asheville Highlanders batting - Pitching for Durham Rapiers : RHP Christian Harris
|
Batting: RHB Corey Vaughn
|
0-0: Called Strike 0-1: Ball 1-1: Called Strike 1-2: Fly out, F7 (Flyball, 78M)
|
Batting: LHB António Ramos
|
0-0: Swinging Strike 0-1: Ball 1-1: Called Strike 1-2: Strikes out swinging
|
Batting: SHB Craig Barnes
|
0-0: SINGLE (Line Drive, 4MD)
|
Pitching: LHP Henry Vandenberg
|
|
Batting: RHB Paco Vásquez
|
0-0: Called Strike 0-1: Ball 1-1: Ball 2-1: Foul Ball, location: 2F 2-2: Ground out 3-1 (Groundball, 34S)
|
Top of the 5th over - 0 run(s), 1 hit(s), 0 error(s), 1 left on base; Asheville 4 - Durham 3 |
BOTTOM OF THE 5TH |
Durham Rapiers batting - Pitching for Asheville Highlanders : RHP Juan Lara
|
Batting: RHB Luis Martínez
|
0-0: Called Strike 0-1: Foul Ball, location: 2F 0-2: Ball 1-2: Ground out 5-3 (Groundball, 5S)
|
Batting: LHB Adrián Franco
|
0-0: Ball 1-0: Fly out, F8 (Flyball, 8RM)
|
Batting: RHB Vincent Klein
|
0-0: Ground out 6-3 (Groundball, 6)
|
Bottom of the 5th over - 0 run(s), 0 hit(s), 0 error(s), 0 left on base; Asheville 4 - Durham 3 |
TOP OF THE 6TH |
Asheville Highlanders batting - Pitching for Durham Rapiers : LHP Henry Vandenberg
|
Batting: RHB José Rivera
|
0-0: Swinging Strike 0-1: Foul Ball, location: 2F 0-2: Foul Ball, location: 2F 0-2: Ball 1-2: Ball 2-2: SINGLE (Groundball, 6M)
|
Batting: RHB Víctor López
|
0-0: Bunted foul 0-1: Sac Bunt - play at first, batter OUT! 6-4 José Rivera to second
|
Batting: LHB Víctor Robledo
|
0-0: Foul Ball, location: 2F 0-1: Ball 1-1: Foul Ball, location: 2F 1-2: Strikes out swinging
|
Batting: RHB Bryce Bancroft
|
0-0: Called Strike 0-1: Ball 1-1: Foul Ball, location: 2F 1-2: Strikes out swinging
|
Top of the 6th over - 0 run(s), 1 hit(s), 0 error(s), 1 left on base; Asheville 4 - Durham 3 |
BOTTOM OF THE 6TH |
Durham Rapiers batting - Pitching for Asheville Highlanders : RHP Juan Lara
|
Batting: RHB Blair Sweeny
|
0-0: Called Strike 0-1: Ball 1-1: Ball 2-1: Foul Ball, location: 2F 2-2: Foul Ball, location: 2F 2-2: Ball 3-2: Strikes out swinging
|
Batting: RHB Esteban Garza
|
0-0: Called Strike 0-1: Ball 1-1: Swinging Strike 1-2: Foul Ball, location: 2F 1-2: Strikes out swinging
|
Batting: RHB Víctor Hernández
|
0-0: Ball 1-0: Fly out, F9 (Flyball, 89M)
|
Bottom of the 6th over - 0 run(s), 0 hit(s), 0 error(s), 0 left on base; Asheville 4 - Durham 3 |
TOP OF THE 7TH |
Asheville Highlanders batting - Pitching for Durham Rapiers : LHP Henry Vandenberg
|
Batting: RHB Claudio Torres
|
0-0: Ball 1-0: Swinging Strike 1-1: Ball 2-1: Swinging Strike 2-2: SINGLE (Flyball, 89S)
|
Pinch Hitting: RHB Guillermo Montoya
|
0-0: Called Strike 0-1: Ball 1-1: Ball 2-1: Ball 3-1: Base on Balls Claudio Torres to second
|
Batting: LHB António Ramos
|
0-0: Ball 1-0: Swinging Strike 1-1: Foul Ball, location: 2F 1-2: Strikes out swinging
|
Batting: SHB Craig Barnes
|
0-0: Foul Ball, location: 2F 0-1: Foul Ball, location: 2F 0-2: Strikes out looking
|
Batting: RHB Paco Vásquez
|
0-0: Ball 1-0: Called Strike 1-1: SINGLE (Line Drive, 4MD) Claudio Torres to third Guillermo Montoya to second Runner from 3rd tries for Home, SAFE, throw made at trailing runner, SAFE at third!
|
Batting: RHB José Rivera
|
0-0: Ball 1-0: Ball 2-0: Foul Ball, location: 2F 2-1: Ball 3-1: Fielders Choice at 2nd, U6 (Groundball, 6M)
|
Top of the 7th over - 1 run(s), 2 hit(s), 0 error(s), 2 left on base; Asheville 5 - Durham 3 |
BOTTOM OF THE 7TH |
Durham Rapiers batting - Pitching for Asheville Highlanders : RHP Juan Lara
|
Now at 2B: Guillermo Montoya
|
|
Batting: RHB Jorge López
|
0-0: Called Strike 0-1: Foul Ball, location: 2F 0-2: Ground out 5-3 (Groundball, 56)
|
Batting: RHB Bill Allen
|
0-0: Swinging Strike 0-1: Foul Ball, location: 2F 0-2: Ball 1-2: Foul Ball, location: 2F 1-2: Ball 2-2: SINGLE (Groundball, 56D)
|
Batting: RHB António Díaz
|
0-0: Called Strike 0-1: Ball 1-1: Hit by Pitch Bill Allen to second
|
Pitching: RHP Octávio Ayaly
|
|
Pinch Runner at 1st Sansan Breia:
|
|
Pinch Hitting: LHB Mayer Röhricht
|
0-0: Ball 1-0: Ball 2-0: Fly out, F7 (Popup, 7LSF)
|
Batting: LHB Adrián Franco
|
0-0: Foul Ball, location: 2F 0-1: Swinging Strike 0-2: Foul Ball, location: 2F 0-2: DOUBLE (Flyball, 78M) Bill Allen scores Sansan Breia to third
|
Batting: RHB Vincent Klein
|
0-0: Ball 1-0: Foul Ball, location: 2F 1-1: Foul Ball, location: 2F 1-2: Fly out, F8 (Flyball, 8LXD)
|
Bottom of the 7th over - 1 run(s), 2 hit(s), 0 error(s), 2 left on base; Asheville 5 - Durham 4 |
TOP OF THE 8TH |
Asheville Highlanders batting - Pitching for Durham Rapiers : LHP Henry Vandenberg
|
Now at SS: Sansan Breia
|
|
Now in LF: Mayer Röhricht
|
|
Batting: RHB Víctor López
|
0-0: Ground out 5-3 (Groundball, 56)
|
Batting: LHB Víctor Robledo
|
0-0: Swinging Strike 0-1: Called Strike 0-2: Foul Ball, location: 2F 0-2: Strikes out swinging
|
Pitching: RHP Jim Unknown
|
|
Batting: RHB Bryce Bancroft
|
0-0: Foul Ball, location: 2F 0-1: Foul Ball, location: 2F 0-2: Ball 1-2: Ball 2-2: Strikes out swinging
|
Top of the 8th over - 0 run(s), 0 hit(s), 0 error(s), 0 left on base; Asheville 5 - Durham 4 |
BOTTOM OF THE 8TH |
Durham Rapiers batting - Pitching for Asheville Highlanders : RHP Octávio Ayaly
|
Pitching: RHP Justin Reynolds
|
|
Batting: RHB Blair Sweeny
|
0-0: Ball 1-0: Called Strike 1-1: Swinging Strike 1-2: SINGLE (Line Drive, 89S)
|
Pinch Runner at 1st Luis Dávila:
|
|
Batting: RHB Esteban Garza
|
0-0: Ball 1-0: Sac Bunt - play at first, batter OUT! 1-4 Luis Dávila to second
|
Pinch Hitting: LHB Jim Unknown
|
0-0: Called Strike 0-1: Swinging Strike 0-2: Ball 1-2: Strikes out swinging
|
Pinch Hitting: SHB Brent Adams
|
0-0: Ball 1-0: Called Strike 1-1: Ball 2-1: Called Strike 2-2: Ground out 6-3 (Groundball, 6)
|
Bottom of the 8th over - 0 run(s), 1 hit(s), 0 error(s), 1 left on base; Asheville 5 - Durham 4 |
TOP OF THE 9TH |
Asheville Highlanders batting - Pitching for Durham Rapiers : RHP Jim Unknown
|
Pitching: RHP Jim Unknown
|
|
Now at 2B: Nick Reed
|
|
Now at 3B: Jorge Féliz
|
|
Batting: RHB Claudio Torres
|
0-0: Foul Ball, location: 2F 0-1: Fly out, F8 (Flyball, 8LXD)
|
Pitching: RHP Pedro Figueroa
|
|
Batting: RHB Guillermo Montoya
|
0-0: Ball 1-0: Fly out, F4 (Popup, 34D)
|
Batting: LHB António Ramos
|
0-0: Ball 1-0: Foul Ball, location: 2F 1-1: Foul Ball, location: 2F 1-2: Fly out, F6 (Popup, 6)
|
Top of the 9th over - 0 run(s), 0 hit(s), 0 error(s), 0 left on base; Asheville 5 - Durham 4 |
BOTTOM OF THE 9TH |
Durham Rapiers batting - Pitching for Asheville Highlanders : RHP Justin Reynolds
|
Pitching: RHP Gus Gamble
|
|
Pinch Hitting: RHB Álex Hernández
|
0-0: Called Strike 0-1: Ball 1-1: Foul Ball, location: 2F 1-2: Ball 2-2: Ball Reached via error on a dropped throw, E3
|
Batting: SHB Sansan Breia
|
0-0: Sac Bunt - play at first, batter OUT! 3-4 Álex Hernández to second
|
Batting: LHB Mayer Röhricht
|
0-0: Ball 1-0: Swinging Strike 1-1: Swinging Strike 1-2: Strikes out swinging
|
Batting: LHB Adrián Franco
|
0-0: Called Strike 0-1: Called Strike 0-2: Ball 1-2: Strikes out looking
|
Bottom of the 9th over - 0 run(s), 0 hit(s), 1 error(s), 1 left on base; Asheville 5 - Durham 4 |
|